 Dungeon Crawl Stone Soup version 0.30-a0-371-gad7725a93e (webtiles) character file.

Game seed: 2906900236406195131

192 FalseProphet the Conjurer (level 5, -1/38 HPs)
             Began as a Demonspawn Conjurer on Nov 22, 2022.
             Slain by Terence
             ... wielding a +0 short sword
              (8 damage)
             ... on level 2 of the Dungeon.
             The game lasted 00:02:44 (1327 turns).

FalseProphet the Conjurer (Demonspawn Conjurer)     Turns: 1327, Time: 00:02:45

Health: -1/38      AC:  3    Str:  8    XL:     5   Next: 42%
Magic:  0/9        EV: 12    Int: 21    God:
Gold:   42         SH:  4    Dex: 11    Spells: 7/10 levels left

rFire   . . .      SeeInvis .    c - +0 dagger
rCold   . . .      Faith    .    (no shield)
rNeg    . . .      Spirit   .    a - +1 robe
rPois   .          Reflect  .    (no helmet)
rElec   .          Harm     .    (no cloak)
rCorr   .          Rampage  .    (no gloves)
Will    .....                    (no boots)
Stlth   ++........               (no amulet)
HPRegen 0.26/turn                (no ring)
MPRegen 0.11/turn                (no ring)

@: no status effects
A: claws 1, powered by pain 1, condensation shield
a: no special abilities


You were on level 2 of the Dungeon.
You visited 1 branch of the dungeon, and saw 2 of its levels.

You collected 42 gold pieces.

Inventory:

Hand Weapons
 c - a +0 dagger (weapon)
Armour
 a - a +1 robe (worn)


   Skills:
 * Level 1.7 Fighting
 + Level 0.2 Short Blades
 + Level 2.2 Dodging
 + Level 2.1 Stealth
 * Level 3.1 Spellcasting
 + Level 5.4 Conjurations


You had 7 spell levels left.
You knew the following spells:

 Your Spells              Type           Power      Damage    Failure   Level
a - Magic Dart            Conj           100%       1d8       1%          1
b - Searing Ray           Conj           52%        2d6       2%          2

Your spell library contained the following spells:

 Spells                   Type           Power      Damage    Failure   Level
 Dazzling Flash           Conj/Hex       28%        N/A       13%         3
 Fulminant Prism          Conj/Hex       7%         3d7       41%         4
 Iskenderun's Mystic Bla  Conj/Tloc      14%        2d5       41%         4


Dungeon Overview and Level Annotations

Branches:
Dungeon (2/15)

Altars:

Annotations:
D:2 Terence


Innate Abilities, Weirdness & Mutations

You have sharp fingernails.
You sometimes gain a little power by taking damage.
A meltable shield of frost defends you. (SH +4)


Message History

You barely miss Terence.
Terence is severely wounded.
Terence barely misses you. The goblin barely misses you.
You hit Terence but do no damage.
Terence is severely wounded.
You block Terence's attack. The goblin hits you with a +0 club.
* * * LOW HITPOINT WARNING * * *
You hit Terence but do no damage.
Terence is severely wounded.
Terence misses you. The goblin hits you but does no damage.
Unknown command.
You hit Terence but do no damage.
Terence is severely wounded.
Terence barely misses you.
The frilled lizard bites you but does no damage.
The goblin hits you but does no damage.
You aren't carrying any potions.
You aren't carrying any scrolls.
The adder hisses angrily.
You hit Terence.
Terence is severely wounded.
Terence misses you. The frilled lizard bites you.
* * * LOW HITPOINT WARNING * * *
You block the rat's attack. The goblin misses you.
Unknown command.
You hit Terence.
Terence is almost dead.
Terence misses you. The frilled lizard bites you.
* * * LOW HITPOINT WARNING * * *
The rat bites you but does no damage. The goblin barely misses you.
Unknown command.
Casting: Magic Dart (safe; 1% risk of failure)
Confirm with . or Enter, or press ? or * to list all spells.
Aiming: Magic Dart (safe; 1% risk of failure)
Press: ? - help, Shift-Dir - straight line, f/p - Terence
Aim: Terence, wielding a +0 short sword and wearing a +0 ring mail (almost dead, 100% to hit)
The magic dart hits Terence but does no damage.
Terence is almost dead.
Terence hits you with a +0 short sword!
You die...

#..#.#.# #..#....
#....#.## #.
#.....S.# ...
##....(..##....
...............
#..rlg...... #.#@# #.
#.#@###† #.#).##.#
### #.##.##g## ..##
#........######. #..#
#...............
#..#######.#.###<#...
#..#..{....#..##.# .
#..#.####..##.....


You could see Terence, an adder, a goblin, a frilled lizard and a rat.

Vanquished Creatures
  Sigmund (D:2)
  A gnoll (D:2)
  A dart slug (D:1)
  3 ball pythons
  4 endoplasms
  A giant cockroach (D:1)
  A hobgoblin (D:1)
  A kobold (D:1)
  2 quokkas (D:1)
  3 bats (D:1)
  2 frilled lizards
  A goblin (D:1)
  2 rats
23 creatures vanquished.

Notes
Turn   | Place    | Note
-------+----------+-------------------------------------------
     0 | D:1      | FalseProphet the Demonspawn Conjurer began the quest for
                  | the Orb.
     0 | D:1      | Reached XP level 1. HP: 13/13 MP: 3/3
   323 | D:1      | Gained mutation: You sometimes gain a little power by
                  | taking damage. [demonic ancestry]
   323 | D:1      | Reached XP level 2. HP: 19/19 MP: 3/5
   641 | D:1      | Learned a level 2 spell: Searing Ray
   809 | D:1      | Found a faded altar of an unknown god.
  1037 | D:2      | Noticed Terence
  1234 | D:2      | Noticed Sigmund
  1248 | D:2      | Gained mutation: You have sharp fingernails. [demonic
                  | ancestry]
  1248 | D:2      | Reached XP level 3. HP: 13/25 MP: 0/6
  1316 | D:2      | Killed Sigmund
  1317 | D:2      | Reached skill level 1 in Fighting
  1317 | D:2      | Reached skill level 5 in Conjurations
  1317 | D:2      | Gained mutation: A meltable shield of frost defends you.
                  | (SH +4) [demonic ancestry]
  1317 | D:2      | Reached XP level 4. HP: 15/33 MP: 1/8
  1317 | D:2      | Reached XP level 5. HP: 17/38 MP: 1/9
  1327 | D:2      | Slain by Terence

Illustrated notes

Levels and vault maps discovered:
D:1:      lemuel_arrival_lava_pool, layout_loops_ring,
          ebering_ecumenical_altar_petrified, serial_bayou_pond_a
D:2:      layout_loops_cross, uniq_robin, uniq_sigmund, uniq_terence

Skill      XL: |  1  2  3 |
---------------+----------+-----
Fighting       | 1 |  1.7
Dodging        | 2 |  2.2
Stealth        | 2 |  2.1
Spellcasting   | 3 |  3.1
Conjurations   | 5 |  5.4
Short Blades   | |  0.2

Action                   |  1- 3 |  4- 6 || total
-------------------------+-------+-------++-------
Melee: Dagger            |     9 |     8 ||    17
 Cast: Magic Dart        |    46 |     3 ||    49
       Searing Ray       |     3 |       ||     3
  Use: Scroll            |     2 |       ||     2
       Potion            |     1 |       ||     1
Armor: Robe              |     7 |     5 ||    12
Dodge: Dodged            |    12 |    11 ||    23
Block: Other             |       |     3 ||     3

Table legend: (Time is in decaauts)
 A = Elapsed time spent in this place.
 B = Non-inter-level travel time spent in this place.
 C = Inter-level travel time spent in this place.
 D = Time resting spent in this place.
 E = Time spent auto-exploring this place.
 F = Levels seen in this place.
 G = Mean time per level.
                   A        B        C        D        E       F      G
               +--------+--------+--------+--------+--------+-----+--------+
         Total |   1326 |   1254 |     72 |     87 |    992 |   2 |  663.0 |
       Dungeon |   1326 |   1254 |     72 |     87 |    992 |   2 |  663.0 |
               +--------+--------+--------+--------+--------+-----+--------+

Top non-repeatable levels by time:
     D:1: 1114 daAuts
     D:2: 212 daAuts
